AoeStats
← Michi3052

Arabia

507535535Analyzed
1v1 RM · 14d ago on Sep 18, 2026· 45m 16s· 2 players
Game mode
Random Map
Map size
Tiny (2 player)
Population
200
Speed
Normal
Resources
Standard
Victory
Conquest
Starting age
Dark Age
Ending age
Imperial Age
RankedLock teamsTeams togetherTeam positionsShared explorationLock speedFull tech treeHidden civsTurbo modeCheats
Victory
Defeat
🇦🇺 Khitans · Australia
751
+17
🇪🇸 Mongols · Spain
762
-17
andreacosta_rc
8:12 Loom
10:35 Feudal Age
11:05 Double-Bit Axe
11:03 Domestication
14:48 Forging
14:44 Scale Barding Armor
24:43 Castle Age
25:00 Stone Mining
26:56 Husbandry
27:04 Elite Skirmisher
27:27 Light Cavalry
28:19 Gold Mining
28:51 Stone Mining
30:29 Padded Archer Armor
30:20 Fletching
31:43 Wheelbarrow
30:54 Town Watch
31:25 Bow Saw
32:44 Hand Cart
33:52 Pastoralism
35:35 Ballistics
36:14 Town Patrol
42:49 Imperial Age
41:40 Murder Holes
46:04 Conscription
46:55 Chemistry
Michi3052
8:55 Loom
11:30 Feudal Age
15:01 Double-Bit Axe
21:48 Castle Age
25:24 Husbandry
27:13 Wheelbarrow
26:46 Town Watch
29:55 Bow Saw
34:29 Bloodlines
35:19 Hand Cart
34:53 Horse Collar
35:22 Fletching
37:17 Bodkin Arrow
37:22 Padded Archer Armor
39:29 Leather Archer Armor
40:44 Pikeman
44:19 Imperial Age
43:33 Scale Barding Armor
43:39 Forging
44:43 Gold Mining
44:43 Stone Mining
46:02 Chemistry
Connection lost

Rejoining the realm…

Still unreachable

The connection could not be restored.

Session expired

The server has moved on; the page needs a fresh start.